 Dungeon Crawl Stone Soup version 0.29.1-12-g30fa7ad0bf (webtiles) character file.

Game seed: 11635965371217480029

98 112233 the Conjurer (level 4, 0/24 HPs)
             Began as a Deep Elf Conjurer on Dec 18, 2022.
             Slain by Grinder (5 damage)
             ... on level 3 of the Dungeon.
             The game lasted 00:02:06 (2487 turns).

112233 the Conjurer (Deep Elf Conjurer)             Turns: 2487, Time: 00:02:06

Health: 0/24       AC:  5    Str:  4    XL:     4   Next: 43%
Magic:  2/12       EV: 12    Int: 25    God:
Gold:   77         SH:  0    Dex: 13    Spells: 9/12 levels left

rFire   . . .      SeeInvis .   b - staff of air
rCold   . . .      Faith    .   (no shield)
rNeg    . . .      Spirit   .   a - +0 robe
rPois   .          Reflect  .   (no helmet)
rElec   +          Harm     .   (no cloak)
rCorr   .          Rampage  .   h - +2 pair of gloves
Will    .....                   (no boots)
Stlth   ++........              (no amulet)
HPRegen 0.08/turn               (no ring)
MPRegen 0.13/turn               (no ring)

@: no status effects
A: no striking features
a: no special abilities


You were on level 3 of the Dungeon.
You visited 1 branch of the dungeon, and saw 3 of its levels.

You collected 77 gold pieces.

Inventory:

Missiles
 k - 2 atropa-tipped darts (quivered)
Armour
 a - a +0 robe (worn)
 h - a +2 pair of gloves (worn)
Magical Staves
 b - a staff of air (weapon)
Scrolls
 d - 2 scrolls of identify
 g - a scroll of poison


   Skills:
 - Level 2.5 Dodging
 - Level 2.5 Stealth
 + Level 4.9 Spellcasting
 + Level 5.5 Conjurations


You had 9 spell levels left.
You knew the following spells:

 Your Spells              Type           Power      Damage    Failure   Level
a - Magic Dart            Conj           100%       1d8       1%          1
b - Searing Ray           Conj           66%        2d6       1%          2

Your spell library contained the following spells:

 Spells                   Type           Power      Damage    Failure   Level
 Dazzling Flash           Conj/Hex       40%        N/A       8%          3
 Fulminant Prism          Conj/Hex       10%        3d9       26%         4
 Iskenderun's Mystic Bla  Conj/Tloc      20%        2d6       26%         4


Dungeon Overview and Level Annotations

Branches:
Dungeon (3/15)

Altars:
Hepliaklqana

Shops:
D:1 ?

Annotations:
D:3 Grinder


Message History

Aim: Grinder (purple smoke, heavily wounded, 52% to hit)
You throw a throwing net. The throwing net hits Grinder.
Grinder is caught in the net!
Grinder is heavily wounded.
You are too injured to fight recklessly!
Unknown command.
You hit Grinder but do no damage.
Grinder is heavily wounded.
Grinder struggles against the net.
Unknown command.
You strike the helpless Grinder from behind!
You hit Grinder but do no damage.
Grinder is heavily wounded.
Grinder struggles against the net.
Unknown command.
You hit Grinder but do no damage.
Grinder is heavily wounded.
Grinder struggles against the net.
Unknown command.
You hit Grinder.
Grinder is heavily wounded.
Grinder struggles against the net.
The net rips apart, and Grinder comes free!
Grinder hits you.
You writhe in agony.
* * * LOW HITPOINT WARNING * * *
Unknown command.
Throw: 4 darts (atropa)
Press: ? - help, Q - select action, (/) - cycle Shift-Dir - straight line, f/p - Grinder
Aim: Grinder (purple smoke, heavily wounded, 52% to hit, chance to blind on hit: 35%)
You throw an atropa-tipped dart.
The atropa-tipped dart closely misses Grinder.
Grinder hits you but does no damage.
Unknown command.
Throw: 3 darts (atropa)
Press: ? - help, Q - select action, (/) - cycle Shift-Dir - straight line, f/p - Grinder
Aim: Grinder (purple smoke, heavily wounded, 52% to hit, chance to blind on hit: 35%)
You throw an atropa-tipped dart.
The atropa-tipped dart closely misses Grinder.
Grinder hits you.
You die...

######### #....§5§#
##### #.#####@#
#....
#.#..§§§§.....#
#....
#.#.###§#######
#.... #.#
..############...(
#.#
####..........'....
#.#
#>...†#########....
#.#####......#
#....
#.....#......#
##....
#.....#).....#
#.....


You could see Grinder.

Vanquished Creatures
  Robin (D:2)
  2 adders
  A worm (D:3)
  A dart slug (D:1)
  3 endoplasms
  4 giant cockroaches
  10 goblins
  10 hobgoblins
  6 jackals
  3 quokkas (D:1)
  3 ball pythons
  6 bats
  2 frilled lizards (D:1)
  2 kobolds
  A rat (D:2)
55 creatures vanquished.

Notes
Turn   | Place    | Note
-------+----------+-------------------------------------------
     0 | D:1      | 112233 the Deep Elf Conjurer began the quest for the Orb.
     0 | D:1      | Reached XP level 1. HP: 10/10 MP: 6/6
   184 | D:1      | Reached XP level 2. HP: 6/15 MP: 6/8
   430 | D:1      | Learned a level 2 spell: Searing Ray
   542 | D:1      | Found Searyot's Magic Scroll Shop.
   995 | D:1      | Reached XP level 3. HP: 19/19 MP: 6/10
  1366 | D:2      | Reached skill level 5 in Conjurations
  1783 | D:2      | Noticed Robin
  1810 | D:2      | Killed Robin
  1812 | D:2      | Reached XP level 4. HP: 24/24 MP: 2/12
  2444 | D:3      | Found a hazy altar of Hepliaklqana.
  2464 | D:3      | Noticed Grinder
  2487 | D:3      | Slain by Grinder

Illustrated notes

Levels and vault maps discovered:
D:1:      zelgadis_glass_arrival_small, layout_loops_cross, serial_shops,
          nicolae_shop_crystal
D:2:      layout_loops_ring, uniq_robin
D:3:      layout_basic, overflow_temple_1_default,
          shapermc_ecumenical_altar_flowoftime, kennysheep_generic_room_7,
          uniq_grinder

Skill      XL: |  1  2  3 |
---------------+----------+-----
Spellcasting   | 4 |  4.9
Conjurations   | 5 |  5.5
Dodging        | |  2.5
Stealth        | |  2.5

Action                   |  1- 3 |  4- 6 || total
-------------------------+-------+-------++-------
Melee: Unarmed           |     8 |       ||     8
       Staff             |       |     5 ||     5
Throw: Dart              |       |     2 ||     2
       Throwing net      |       |     2 ||     2
 Cast: Magic Dart        |    79 |    35 ||   114
       Searing Ray       |       |     4 ||     4
  Use: Potion            |     1 |     4 ||     5
       Scroll            |       |     2 ||     2
 Stab: Held in net/web   |       |     1 ||     1
Armor: Robe              |     2 |     1 ||     3
Dodge: Dodged            |    21 |     5 ||    26
